 Dungeon Crawl Stone Soup version 0.25.0-46-gbd7b0854d2 (webtiles) character file.

Game seed: 837602108466260054

46 Revguard the Firebug (level 3, -4/33 HPs)
             Began as an Ogre Fire Elementalist on July 12, 2020.
             Slain by Robin
             ... wielding a +0 falchion
              (7 damage)
             ... on level 2 of the Dungeon.
             The game lasted 00:07:00 (1151 turns).

Revguard the Firebug (Ogre Fire Elementalist)       Turns: 1151, Time: 00:07:00

Health: -4/33      AC:  6    Str: 11 (12) XL:     3   Next: 68%
Magic:  6/7        EV: 10    Int: 16 (17) God:
Gold:   79         SH:  0    Dex:  7 (9)  Spells: 3/7 levels left

rFire    x . .     SeeInvis .   f - +0 club
rCold    + . .     Gourm    .   (no shield)
rNeg     . . .     Faith    .   a - +0 robe
rPois    .         Spirit   .   (helmet restricted)
rElec    .         Reflect  .   m - +2 cloak
rCorr    .         Harm     .   (gloves unavailable)
MR       .....                  (boots unavailable)
Stlth    +.........             (no amulet)
HPRegen  0.11/turn              j - ring of ice
MPRegen  0.10/turn              (no ring)

@: stab
A: large, unfitting armour, tough skin 1
a: no special abilities


You were on level 2 of the Dungeon.
You were not hungry.

You visited 1 branch of the dungeon, and saw 2 of its levels.

You collected 79 gold pieces.

Inventory:

Hand Weapons
 f - a +0 club (weapon)
Armour
 a - a +0 robe (worn)
 m - a +2 cloak (worn)
Jewellery
 j - a ring of ice (left hand)
Scrolls
 e - 2 scrolls of remove curse {unknown}
 g - a scroll of fog {unknown}
 i - a scroll of immolation {unknown}
 k - 3 scrolls of random uselessness {unknown}
 l - 3 scrolls of identify {unknown}
 n - a scroll of teleportation {unknown}
Potions
 d - 2 potions of stabbing
Comestibles
 b - 2 chunks of flesh
 c - a ration


   Skills:
 * Level 1.4 Fighting
 * Level 0.6 Maces & Flails
 + Level 2.0 Dodging
 - Level 1.4 Stealth
 + Level 2.7 Spellcasting
 + Level 1.0 Conjurations
 + Level 3.4 Fire Magic


You had 3 spell levels left.
You knew the following spells:

 Your Spells              Type           Power        Failure   Level  Hunger
a - Foxfire               Conj/Fire      #...         8%          1    #......
b - Inner Flame           Hex/Fire       #.......     28%         3    ###....

Your spell library contained the following spells:

 Spells                   Type           Power        Failure   Level  Hunger
 Conjure Flame            Conj/Fire      #.......     22%         3    ###....
 Sticky Flame             Conj/Fire      #.......     58%         4    #####..
 Fireball                 Conj/Fire      #.........   91%         5    ######.


Dungeon Overview and Level Annotations

Branches:
Dungeon (2/15)

Altars:

Annotations:
D:2 Robin


Innate Abilities, Weirdness & Mutations

You are too large for most types of armour.
You have tough skin. (AC +1)


Message History

* * * LOW HITPOINT WARNING * * *
Robin hits you but does no damage.
Some of the chunks of flesh in your inventory have rotted away.
You hit Robin.
Robin is moderately wounded.
The goblin hits you with a +0 club.
* * * LOW HITPOINT WARNING * * *
Robin closely misses you.
You closely miss Robin.
Robin is moderately wounded.
The goblin hits you but does no damage. Robin closely misses you.
The goblin hits you but does no damage.
You barely miss Robin.
Robin is moderately wounded.
Robin hits you but does no damage. The goblin hits you with a +0 club.
* * * LOW HITPOINT WARNING * * *
Robin barely misses you.
You barely miss the goblin. The goblin closely misses you.
You hit the goblin but do no damage. Robin hits you with a +0 falchion!
You die...

##.#####
#)########.....
#.# #.##...÷).#
##.#
#.(.....#.#
...#
####.##.#.#
#### #.##.§..
#÷####.# #.# .#
#g####.##.#
#@g))(....#
######.###...
##


You could see Robin and a goblin (strong).

Vanquished Creatures
  A dart slug (D:2)
  2 leopard geckos (D:1)
  A ball python (D:1)
  10 goblins
  5 hobgoblins
  3 jackals (D:1)
  6 kobolds
  4 bats (D:1)
  2 frilled lizards
  5 rats
39 creatures vanquished.

Vanquished Creatures (others)
  62 foxfires
62 creatures vanquished.

Grand Total: 101 creatures vanquished

Notes
Turn   | Place    | Note
-------+----------+-------------------------------------------
     0 | D:1      | Revguard the Ogre Fire Elementalist began the quest for the
                  | Orb.
     0 | D:1      | Reached XP level 1. HP: 16/16 MP: 3/3
   104 | D:1      | Reached skill level 3 in Fire Magic
   104 | D:1      | Reached XP level 2. HP: 26/26 MP: 1/5
   295 | D:1      | Reached skill level 1 in Fighting
   295 | D:1      | Reached skill level 1 in Conjurations
   451 | D:1      | Reached XP level 3. HP: 33/33 MP: 4/7
   948 | D:2      | Learned a level 3 spell: Inner Flame
  1121 | D:2      | Noticed Robin
  1143 | D:2      | HP: 1/33 [goblin/+0 club[Robin] (3)]
  1151 | D:2      | Slain by Robin

Illustrated notes

Levels and vault maps discovered:
D:1:      evilmike_arrival_crescent, layout_loops_ring,
          minmay_misc_feat_nine_boxes
D:2:      layout_loops_corners, minmay_diced_spiral, uniq_robin

Skill      XL: |  1  2 |
---------------+-------+-----
Fire Magic     | 3 |  3.4
Fighting       | 1 |  1.4
Conjurations   | 1 |  1.0
Dodging        | 2 |  2.0
Maces & Flails | |  0.6
Stealth        | |  1.4
Spellcasting   | |  2.7

Action                   || total
-------------------------++-------
Melee: Unarmed           ||     8
       Club              ||    38
 Cast: Foxfire           ||    40
       Inner Flame       ||     2
  Use: Potion            ||     3
  Eat: Chunk             ||     1
Armor: Robe              ||    21
Dodge: Dodged            ||    36
